 Dungeon Crawl Stone Soup version 0.29-a0-297-g7659ce593d (webtiles) character file.

Game seed: 9137885042684188749

67 Ijustatesigmund the Firebug (level 4, -5/27 HPs)
             Began as a Gargoyle Fire Elementalist on Mar 21, 2022.
             Slain by Crazy Yiuf
             ... wielding a +4 quarterstaff of chaos
              (9 damage)
             ... on level 2 of the Dungeon.
             The game lasted 00:06:19 (2492 turns).

Ijustatesigmund the Firebug (GrFE)                  Turns: 2492, Time: 00:06:19

Health: -5/27      AC:  5    Str: 13    XL:     4   Next: 16%
Magic:  0/7        EV: 11    Int: 16    God:
Gold:   83         SH:  0    Dex: 10    Spells: 4/7 levels left

rFire   + . .      SeeInvis .   h - +0 spear
rCold   . . .      Faith    .   (no shield)
rNeg    + . .      Spirit   .   a - +0 robe
rPois   ∞          Reflect  .   (no helmet)
rElec   +          Harm     .   (no cloak)
rCorr   .          Rampage  .   (no gloves)
Will    .....                   (no boots)
Stlth   ++........              (no amulet)
HPRegen 0.09/turn               f - ring of protection from fire
MPRegen 0.10/turn               (no ring)

@: no status effects
A: sickness immunity, AC +3, negative energy resistance 1, electricity
resistance, torment resistance 1, petrification resistance
a: no special abilities


You were on level 2 of the Dungeon.
You visited 1 branch of the dungeon, and saw 2 of its levels.

You collected 183 gold pieces.
You spent 100 gold pieces at shops.

Inventory:

Hand Weapons
 h - a +0 spear (weapon)
Armour
 a - a +0 robe (worn)
Jewellery
 f - a ring of protection from fire (left hand)
Wands
 i - a wand of iceblast (6)
Potions
 b - a potion of magic
 c - a potion of cancellation {unknown}
 d - a potion of heal wounds
 e - a potion of degeneration {unknown}
 g - a potion of brilliance
 j - a potion of might


   Skills:
 + Level 2.4 Fighting
 - Level 1.8 Armour
 - Level 1.5 Dodging
 - Level 2.1 Stealth
 - Level 2.0 Spellcasting
 + Level 1.9 Conjurations
 + Level 3.3 Fire Magic


You had 4 spell levels left.
You knew the following spells:

 Your Spells              Type           Power      Damage    Failure   Level
a - Foxfire               Conj/Fire      40%        2x1d6     7%          1
b - Scorch                Fire           24%        2d6       8%          2

Your spell library contained the following spells:

 Spells                   Type           Power      Damage    Failure   Level
 Conjure Flame            Conj/Fire      10%        6-21      21%         3
 Inner Flame              Hex/Fire       7%         N/A       30%         3
 Flame Wave               Conj/Fire      10%        2d5       56%         4


Dungeon Overview and Level Annotations

Branches:
Dungeon (2/15)

Altars:

Shops:
D:1 ![   D:2 (

Annotations:
D:2 Crazy Yiuf


Innate Abilities, Weirdness & Mutations

You are immune to sickness and miasma.
Your stone body is resilient. (AC +3)
You are immune to poison.
You resist negative energy. (rN+)
You are resistant to electric shocks. (rElec)
You are resistant to unholy torment.
You are immune to petrification.


Message History

The foxfire hits Crazy Yiuf.
Crazy Yiuf is moderately wounded.
Crazy Yiuf grits, "East cloud hand!"
Your foxfire dissipates!
Crazy Yiuf attacks as you move away!
Crazy Yiuf hits you with a +4 quarterstaff of chaos.
You feel your power leaking away.
Casting: Foxfire (safe; 7% risk of failure)
Confirm with . or Enter, or press ? or * to list all spells.
Flames lash Crazy Yiuf.
Crazy Yiuf is heavily wounded.
Crazy Yiuf's fire resistance burns away.
Crazy Yiuf barely misses you.
Casting: Scorch (safe; 8% risk of failure)
Confirm with . or Enter, or press ? or * to list all spells.
Flames lash Crazy Yiuf.
Crazy Yiuf is burned terribly!
Crazy Yiuf is severely wounded.
Crazy Yiuf whimpers, "Cake!
Proton dark aubergine."
Crazy Yiuf hits you with a +4 quarterstaff of chaos!
* * * LOW HITPOINT WARNING * * *
Crazy Yiuf burns you.
* * * LOW HITPOINT WARNING * * *
You feel much better.
Crazy Yiuf says, "Cards water toodlewoodle!"
Crazy Yiuf hits you with a +4 quarterstaff of chaos!
Crazy Yiuf freezes you.
You feel much better.
Crazy Yiuf hits you with a +4 quarterstaff of chaos!
Crazy Yiuf freezes you.
You feel much better.
Crazy Yiuf hits you with a +4 quarterstaff of chaos!
Space warps around you.
Casting: Scorch (safe; 8% risk of failure)
Confirm with . or Enter, or press ? or * to list all spells.
You conjure some foxfire!
Crazy Yiuf cries, "Cake!"
Crazy Yiuf hits you with a +4 quarterstaff of chaos!
* * * LOW HITPOINT WARNING * * *
Crazy Yiuf hits you with a +4 quarterstaff of chaos!
You die...

#.#..#..#############..#.#...#.
#.#..#....# #..#.#.....
#.#..#....# ##### #....†.....
#.#..#.#..# #..)# ##.#.#.....
#.#..#....# #...# #..........
#.#.......# ... ##.#.##..##
#.........# #'# ##.#.##..##
###..##.### ♣♣g♣ #..........
#..##.# ♣@♣♣ ##.#.######
#..##.### ♣♣v♣ #.#.# #..##...#
♣.♣♣ #.#.###### #..###### ♣♣.♣♣
##.#......# #..# ♣...♣♣
#......(... #..#### ♣....♣
#.......... #(....# #....#
#.....###.#
##..##.#####....#####.#..###..
#.............................


You could see Crazy Yiuf (combustible, ally target).

Vanquished Creatures
  Jessica (D:2)
  An adder (D:2)
  A worm (D:2)
  A dart slug (D:2)
  3 bats
  3 endoplasms
  2 goblins
  3 hobgoblins
  3 jackals (D:2)
  A quokka (D:2)
  4 ball pythons
  A frilled lizard (D:2)
  A kobold (D:2)
  2 rats
27 creatures vanquished.

Vanquished Creatures (others)
  62 foxfires
62 creatures vanquished.

Grand Total: 89 creatures vanquished

Notes
Turn   | Place    | Note
-------+----------+-------------------------------------------
     0 | D:1      | Ijustatesigmund the Gargoyle Fire Elementalist began the
                  | quest for the Orb.
     0 | D:1      | Reached XP level 1. HP: 10/10 MP: 3/3
    45 | D:1      | Found Etozal's Distillery.
   317 | D:1      | Reached skill level 1 in Fighting
   317 | D:1      | Reached skill level 1 in Armour
   353 | D:1      | Reached XP level 2. HP: 16/16 MP: 3/5
   451 | D:1      | Found Joilitwukuol's Armour Shoppe.
   713 | D:2      | Found Dymauk Rofra's Weapon Shop.
  1036 | D:1      | Bought a potion of heal wounds for 50 gold pieces
  1036 | D:1      | Bought a potion of heal wounds for 50 gold pieces
  1083 | D:2      | Learned a level 2 spell: Scorch
  1096 | D:2      | Reached XP level 3. HP: 21/21 MP: 4/6
  1337 | D:2      | Found a faded altar of an unknown god.
  1582 | D:2      | Noticed Jessica
  1697 | D:2      | Killed Jessica
  1698 | D:2      | Reached XP level 4. HP: 27/27 MP: 1/7
  2476 | D:2      | Found a runed translucent door.
  2477 | D:2      | Noticed Crazy Yiuf
  2492 | D:2      | Slain by Crazy Yiuf

Illustrated notes

Levels and vault maps discovered:
D:1:      minmay_arrival_doors, layout_rooms, serial_shops, shop, shop
D:2:      layout_basic, hellmonk_ecumenical_altar_leap_of_faith, serial_shops,
          nicolae_square_shop, uniq_crazy_yiuf_cottage, uniq_jessica

Skill      XL: |  1  2  3 |
---------------+----------+-----
Fighting       | 1 2 |  2.4
Armour         | 1 |  1.8
Dodging        | |  1.5
Stealth        | |  2.1
Spellcasting   | |  2.0
Conjurations   | |  1.9
Fire Magic     | |  3.3

Action                   |  1- 3 |  4- 6 || total
-------------------------+-------+-------++-------
Melee: Spear             |    27 |     4 ||    31
 Cast: Foxfire           |    29 |    11 ||    40
       Scorch            |     1 |     2 ||     3
  Use: Scroll            |     6 |       ||     6
       Potion            |       |     3 ||     3
 Stab: Sleeping          |     1 |     1 ||     2
Armor: Robe              |     5 |       ||     5
Dodge: Dodged            |    13 |     3 ||    16

Table legend: (Time is in decaauts)
 A = Elapsed time spent in this place.
 B = Non-inter-level travel time spent in this place.
 C = Inter-level travel time spent in this place.
 D = Time resting spent in this place.
 E = Time spent auto-exploring this place.
 F = Levels seen in this place.
 G = Mean time per level.
                   A        B        C        D        E       F      G
               +--------+--------+--------+--------+--------+-----+--------+
         Total |   2494 |   2444 |     50 |    939 |   1256 |   2 | 1247.0 |
       Dungeon |   2494 |   2444 |     50 |    939 |   1256 |   2 | 1247.0 |
               +--------+--------+--------+--------+--------+-----+--------+

Top non-repeatable levels by time:
     D:2: 1507 daAuts
     D:1: 987 daAuts
